General information
- name: ZA2
- type: Custom game
- host: 1D.o[Trex]
- saver: you-are-my-boy
map: TurtleRock
- players: 7
- length: 34:29
- speed: Fast
- version: 1.21 W3XP
- replay type: Public
» download(138 KB)
Players
team 1 (winner)

»
K-Game.Phoenix. (
pink | 126 APM | 4328 actions | 34:29)
6 Demon Hunter
3 Mana Burn
2 Evasion
1 Metamorphosis
6 Naga Sea Witch
2 Frost Arrows
3 Forked Lightning
1 Tornado
» actions
| Assign group hotkey | 397 | |
| Basic commands | 47 | |
| Build / train | 110 | |
| ESC pressed | 8 | |
| Enter build submenu | 32 | |
| Enter hero's abilities submenu | 12 | |
| Give item / drop item | 3 | |
| Right click | 2012 | |
| Select / deselect | 696 | |
| Select group hotkey | 858 | |
| Use ability | 153 | |
4328 total
» units
| Wisp | 31 | |
| Archer | 10 | |
| Hippogryph | 9 | |
| Druid of the Talon | 4 | |
| Huntress | 13 | |
67 total
» upgrades
| Improved Bows | 1 | |
| Druid of the Talon Training | 2 | |
| Hippogryph Taming | 1 | |
| Marksmanship | 1 | |
5 total
» buildings
| Altar of Elders | 2 | |
| Moon Well | 5 | |
| Ancient of War | 5 | |
| Tree of Ages | 2 | |
| Hunter's Hall | 2 | |
| Ancient of Lore | 2 | |
| Ancient of Wonders | 5 | |
| Ancient of Wind | 3 | |
| Ancient Protector | 3 | |
| Tree of Eternity | 2 | |
| Tree of Life | 2 | |
33 total
» build order
00:07 Altar of Elders
00:19 Moon Well
00:35 Ancient of War
01:49 Moon Well
02:53 Tree of Ages
03:00 Moon Well
03:19 Hunter's Hall
04:42 Hunter's Hall
04:51 Moon Well
06:50 Ancient of Lore
06:51 Ancient of Lore
06:55 Ancient of Wonders
08:24 Ancient of Wind
08:55 Ancient Protector
09:21 Ancient of Wind
09:26 Ancient Protector
10:04 Ancient Protector
10:37 Tree of Eternity
11:59 Ancient of Wonders
12:44 Ancient of War
13:46 Ancient of War
14:29 Ancient of Wonders
14:37 Moon Well
17:22 Tree of Life
17:25 Tree of Life
17:41 Ancient of Wonders
26:00 Ancient of Wonders
26:02 Ancient of War
27:52 Altar of Elders
33:58 Ancient of War
» items
| Boots of Speed | 1 | |
| Dust of Appearance | 1 | |
| Scroll of Healing | 2 | |
| Potion of Lesser Invulnerability | 1 | |
| Scroll of Protection | 1 | |
| Orb of Venom | 2 | |
| Lesser Clarity Potion | 2 | |
10 total
team 2 (loser)

»
you-are-my-boy (
yellow | 129 APM | 4452 actions | 34:29)
9 Goblin Alchemist
3 Chemical Rage
3 Acid Bomb
1 Transmute
2 Healing Spray
» actions
| Assign group hotkey | 33 | |
| Basic commands | 88 | |
| Build / train | 93 | |
| ESC pressed | 9 | |
| Enter build submenu | 14 | |
| Enter hero's abilities submenu | 9 | |
| Right click | 2693 | |
| Select / deselect | 612 | |
| Select group hotkey | 710 | |
| Use ability | 191 | |
4452 total
» units
| Wisp | 29 | |
| Huntress | 9 | |
| Archer | 2 | |
| Faerie Dragon | 6 | |
| Glaive Thrower | 10 | |
| Druid of the Talon | 9 | |
65 total
» upgrades
| Vorpal Blades | 1 | |
| Druid of the Talon Training | 1 | |
2 total
» buildings
| Moon Well | 6 | |
| Altar of Elders | 1 | |
| Hunter's Hall | 1 | |
| Ancient of War | 2 | |
| Tree of Ages | 2 | |
| Ancient of Wonders | 1 | |
| Ancient of Wind | 3 | |
16 total
» build order
00:05 Moon Well
00:25 Altar of Elders
01:45 Hunter's Hall
01:49 Ancient of War
02:05 Moon Well
03:09 Tree of Ages
03:09 Tree of Ages
03:29 Moon Well
04:44 Ancient of Wonders
05:31 Ancient of Wind
05:32 Ancient of Wind
05:33 Ancient of Wind
05:41 Moon Well
08:26 Moon Well
09:42 Moon Well
20:29 Ancient of War
» items
| Potion of Healing | 1 | |
| Scroll of Healing | 2 | |
| Potion of Lesser Invulnerability | 3 | |
| Lesser Clarity Potion | 3 | |
9 total
observers1D.o[Trex],
Joxer,
Houston89,
zA.FierCe,
div.cryptkeeper Chat log
(00:09 / All) K-Game.Phoenix.: gg
(00:12 / All) you-are-my-boy: GG
(02:24 / All) K-Game.Phoenix.: lol
(03:06 / All) K-Game.Phoenix.: i feel sick zz
(12:01 / All) K-Game.Phoenix.: lol?
(18:35 / All) K-Game.Phoenix.: stupid of me
(20:09 / All) K-Game.Phoenix.: lol?
(30:18 / All) K-Game.Phoenix.: ÍÍÍN1 vent :)?
(34:28 / All) you-are-my-boy: gg